 Dungeon Crawl Stone Soup version 0.22-a0-135-g6f012ad (webtiles) character file.

164 nono the Changer (level 5, -7/25 HPs)
             Began as a Vine Stalker Transmuter on Jan 31, 2018.
             Was an Initiate of Cheibriados.
             Mangled by an ogre
             ... wielding a +0 giant club
              (23 damage)
             ... on level 4 of the Dungeon.
             The game lasted 00:06:00 (1731 turns).

nono the Changer (Vine Stalker Transmuter)          Turns: 1731, Time: 00:06:02

Health: -7/25      AC:  2    Str: 14    XL:     5   Next: 45%
Magic:  0/10       EV: 19    Int: 15    God:    Cheibriados [......]
Gold:   79         SH:  0    Dex: 20    Spells: 4/10 levels left

rFire    . . .     SeeInvis .     - Unarmed
rCold    . . .     Gourm    .   (shield currently unavailable)
rNeg     . . .     Faith    .   (armour currently unavailable)
rPois    x         Spirit   +   (helmet currently unavailable)
rElec    .         Reflect  .   (cloak currently unavailable)
rCorr    .         Harm     .   (gloves currently unavailable)
MR       .....                  (boots currently unavailable)
Stlth    ++........             k - amulet of magic regeneration
HPRegen  0.48/turn              (no ring)
MPRegen  0.37/turn              (no ring)

@: spider-form, very slightly contaminated, very slow
A: tiny, regeneration 1, magic shield, no potion heal 3, rot immunity
a: End Transformation, Bend Time, Renounce Religion


You were on level 4 of the Dungeon.
You worshipped Cheibriados.
Cheibriados was noncommittal.
You were not hungry.
You were a venomous arachnid creature.
You visited 2 branches of the dungeon, and saw 5 of its levels.

You collected 79 gold pieces.

Inventory:

Missiles
 a - 9 arrows
Armour
 b - a +0 robe (melded)
 e - a +0 pair of boots (melded)
Jewellery
 k - an amulet of magic regeneration (around neck)
Scrolls
 f - a scroll of remove curse
 g - a scroll of magic mapping {unknown}
 h - a scroll of identify {unknown}
Potions
 i - a potion of might {unknown}
 l - a potion of mutation {unknown}
Books
 c - a book of Changes

   Spells                             Type                      Level
   a - Beastly Appendage              Transmutation                1
   b - Sticks to Snakes               Transmutation                2
   c - Spider Form                    Transmutation/Poison         3
   d - Ice Form                       Ice/Transmutation            4
   e - Blade Hands                    Transmutation                5
Comestibles
 d - 4 rations
 j - 2 chunks of flesh


   Skills:
 - Level 0.8 Fighting
 - Level 1.5 Dodging
 - Level 3.0 Unarmed Combat
 - Level 3.1 Spellcasting
 + Level 4.9 Transmutations


You had 4 spell levels left.
You knew the following spells:

 Your Spells              Type           Power        Failure   Level  Hunger
a - Beastly Appendage     Tmut           ###...       10%         1    #......
b - Sticks to Snakes      Tmut           ###.....     12%         2    ##.....
c - Spider Form           Tmut/Pois      #.........   43%         3    ###....


Dungeon Overview and Level Annotations

Branches:
Dungeon (4/15)             Temple (1/1) D:4

Altars:
Ashenzari
Cheibriados
Dithmenos
Elyvilon
Fedhas
Gozag
Hepliaklqana
Kikubaaqudgha
Makhleb
Qazlal
Ru
Sif Muna
Trog
Uskayaw
Vehumet
Yredelemnul
Zin


Innate Abilities, Weirdness & Mutations

((You have extremely sharp teeth.))
Your natural rate of healing is unusually fast.
When hurt, damage is shared between your health and your magic reserves.
((Your bite disrupts and absorbs the magic of your enemies.))
Potions cannot restore your health.
You are immune to rotting.


Message History

Your transformation has ended.
Your +0 pair of boots unmelds from your body.
Your +0 robe unmelds from your body.
Found an escape hatch in the floor.
An ogre comes into view. It is wielding a giant club.
The ogre shouts!
The ogre hits you but does no damage.
There is an escape hatch in the floor here.
Casting: Spider Form (safe; 22% risk of failure)
Confirm with . or Enter, or press ? or * to list all spells.
You miscast Spider Form.
You are very lightly contaminated with residual magic.
Nothing appears to happen.
The ogre hits you with a giant club!
Casting: Spider Form (safe; 22% risk of failure)
Confirm with . or Enter, or press ? or * to list all spells.
You turn into a venomous arachnid creature.
Your +0 pair of boots melds into your body.
Your +0 robe melds into your body.
The ogre hits you with a giant club!!
Ouch! That really hurt!
You die...

############
#..........#
##.########.#
########...# #.#
.......sO#.....#
#.#
..######...###.#
#.# .#.## #.# #.
.# #.# #. .#
##.###.##### #.
.#............#
..
...##.........#
........##.(#
##########..#


You could see an ogre.

Vanquished Creatures
  2 hounds (D:4)
  A worker ant (D:4)
  5 adders
  An orc (D:4)
  3 bats
  3 giant cockroaches (D:3)
  3 goblins
  8 hobgoblins
  5 jackals
  A quokka (D:4)
  2 frilled lizards
  2 kobolds
  3 rats
39 creatures vanquished.

Notes
Turn   | Place    | Note
-------+----------+-------------------------------------------
     0 | D:1      | nono the Vine Stalker Transmuter began the quest for the Orb.
     0 | D:1      | Reached XP level 1. HP: 9/9 MP: 4/4
   161 | D:1      | Reached XP level 2. HP: 8/14 MP: 3/6
   675 | D:3      | Learned a level 2 spell: Sticks to Snakes
   703 | D:3      | Reached XP level 3. HP: 17/17 MP: 6/8
   758 | D:3      | Reached skill level 3 in Transmutations
   858 | D:3      | Learned a level 3 spell: Spider Form
  1248 | D:4      | Gained mutation: Your natural rate of healing is unusually fast. [Vine Stalker growth]
  1248 | D:4      | Reached XP level 4. HP: 10/21 MP: 4/9
  1295 | D:4      | Reached skill level 4 in Transmutations
  1342 | D:4      | Found a staircase to the Ecumenical Temple.
  1349 | Temple   | Entered the Ecumenical Temple
  1591 | Temple   | Became a worshipper of Cheibriados the Contemplative
  1624 | D:4      | Reached XP level 5. HP: 11/25 MP: 1/10
  1728 | D:4      | Noticed an ogre
  1731 | D:4      | Mangled by an ogre

Vault maps used:
D:1:      onia_arrival_pyramid, due_unseen_surprise
D:2:      kennysheep_the_goblin_king, lemuel_crystal_altar, patterned_corridor
D:3:      first_ration
D:4:      minmay_temple_entry_grid, nicolae_qazlal_style_of_elements
Temple:   hc_temple_tempest_star

Skill      XL: |  1  2  3  4 |
---------------+-------------+-----
Spellcasting   | 3 |  3.1
Transmutations | 3 4 |  4.9
Fighting       | |  0.8
Dodging        | |  1.5
Unarmed Combat | |  3.0

Action                   |  1- 3 |  4- 6 || total
-------------------------+-------+-------++-------
Melee: Unarmed           |   130 |    31 ||   161
       Headbutt          |    17 |     4 ||    21
       Bite              |    21 |     5 ||    26
 Cast: Beastly Appendage |    25 |     3 ||    28
       Sticks to Snakes  |     2 |     1 ||     3
       Spider Form       |       |     3 ||     3
  Use: Scroll            |     2 |       ||     2
 Stab: Sleeping          |     1 |       ||     1
  Eat: Chunk             |     1 |       ||     1
       Ration            |       |     1 ||     1
Armor: Robe              |    25 |     2 ||    27
Dodge: Dodged            |    79 |    32 ||   111

Table legend:
 A = Spawn XP
 B = Non-spawn XP
 C = Spawn XP percentage of total XP
 D = Spawn monster count
 E = Non-spawn monster count
 F = Spawn count percentage of total count
 G = Total turns spent on level
                    A         B        C        D         E        F      G
               +---------+---------+-------+---------+---------+-------+---------
         Total |       0 |     235 |   0.0 |       0 |      39 |   0.0 |  1731
               +---------+---------+-------+---------+---------+-------+---------
           D:1 |       0 |      16 |   0.0 |       0 |      10 |   0.0 |   282
           D:2 |       0 |      14 |   0.0 |       0 |       7 |   0.0 |   132
           D:3 |       0 |      44 |   0.0 |       0 |      14 |   0.0 |   822
           D:4 |       0 |     161 |   0.0 |       0 |       8 |   0.0 |   242
               +---------+---------+-------+---------+---------+-------+---------
